 Dungeon Crawl Stone Soup version 0.28.0-43-g3370ac3207 (webtiles) character file.

Game seed: 442754562537863255

450 NoSkeletonsAllowed the Insei (level 7, -12/52 HPs)
             Began as a Djinni Transmuter on Mar 13, 2022.
             Was a Plaything of Xom.
             Mangled by an ogre
             ... wielding a +0 giant spiked club
              (24 damage)
             ... on level 4 of the Dungeon on Mar 17, 2022.
             The game lasted 00:28:13 (5046 turns).

NoSkeletonsAllowed the Insei (Djinni Transmuter)    Turns: 5046, Time: 00:28:14

Health: -12/52     AC:  7    Str: 11    XL:     7   Next: 25%
Gold:   127        EV: 11    Int: 14    God:    Xom [..*...] SH:  0 Dex: 14

rFire   + + .      SeeInvis .     - Unarmed
rCold   x . .      Faith    .   (no shield)
rNeg    . . .      Spirit   .   c - +0 ring mail
rPois   ∞          Reflect  .   (no helmet)
rElec   +          Harm     .   (no cloak)
rCorr   +          Rampage  .   (no gloves)
Will    .....                   (boots unavailable)
Stlth   +.........              (no amulet)
HPRegen 0.17/turn               k - ring of resist corrosion
MPRegen 0.00/turn               (no ring)

@: weak-willed, cleaving, flying
A: sickness immunity, fire resistance 2, cold vulnerability 1, float, innate
caster, HP casting, extra vitality 1, iridescent scales 2, deformed body, robust
1, electricity resistance
a: Renounce Religion


You were on level 4 of the Dungeon.
You worshipped Xom.
You were a toy of Xom.
You visited 1 branch of the dungeon, and saw 4 of its levels.

You collected 127 gold pieces.

Inventory:

Missiles
 b - 98 stones
 d - 4 boomerangs (quivered)
Armour
 a - a +0 robe
 c - a +0 ring mail (worn)
 g - a +0 buckler
Jewellery
 k - a ring of resist corrosion (left hand)
Scrolls
 e - a scroll of identify
Potions
 f - a potion of degeneration


   Skills:
 * Level 1.6 Fighting
 - Level 1.2 Throwing
 + Level 2.6 Armour
 * Level 3.4 Dodging
 - Level 0.5 Stealth
 - Level 1.4 Shields
 * Level 5.0 Unarmed Combat
 + Level 2.6 Spellcasting


You couldn't memorise any spells.
You knew the following spells:

 Your Spells              Type           Power      Damage    Failure   Level
a - Beastly Appendage     Tmut           18%        N/A       17%         1
b - Wereblood             Tmut           9%         N/A       26%         2
c - Spider Form           Tmut/Pois      9%         N/A       45%         3
d - Ice Form              Ice/Tmut       9%         N/A       86%         4
e - Animate Skeleton      Necr           18%        N/A       17%         1
f - Static Discharge      Conj/Air       9%         N/A       26%         2
g - Stone Arrow           Conj/Erth      18%        3d8       45%         3
Your spell library was empty.

Dungeon Overview and Level Annotations

Branches:
Dungeon (4/15)
 Temple: D:4-7

Altars:
Cheibriados
Fedhas
Makhleb
Okawaru
Ru
Sif Muna
Xom
The Shining One

Annotations:
D:4 Pikel, Robin


Innate Abilities, Weirdness & Mutations

You are immune to sickness and miasma.
You are immune to poison.
Your flesh is very heat resistant. (rF++)
You are vulnerable to cold. (rC-)
You float through the air rather than walking.
You learn spells naturally, not from books.
Your magical power is your life essence.
You have superior vitality. (+4 MHP)
You are mostly covered in iridescent scales. (AC +4)
Armour fits poorly on your strangely shaped body.
You are robust. (+10% HP)
You are resistant to electric shocks. (rElec)


Message History

Pikel hits the lemure with a +1 whip of electrocution.
Lightning courses through the lemure!
The lemure is killed!
That felt strangely unrewarding.
The kobold throws a stone.
The stone hits you but does no damage.
The adder bites the lemure.
The adder bites the adder.
The adder bites itself.
The adder is killed!
You see here a scroll labelled EMODUOKHLYP.
As you read the scroll labelled EMODUOKHLYP, it crumbles to dust.
Magic quickly surges around you.
It was a scroll of vulnerability.
The kobold throws a stone.
The stone closely misses you.
The stone hits the goblin.
The kobold hits you with a +0 short sword.
* * * LOW HITPOINT WARNING * * *
The adder seems less confused.
Found a scale mail and a mace.
An adder comes into view. "Over there now!"
The goblin blinks!
The lemure blinks!
The adder blinks!
The adder moves out of view.
Found a book of Frost.
The goblin hits you but does no damage.
An ogre comes into view. It is wielding a +0 giant spiked club.
Found a stone staircase leading up.
You barely miss the goblin.
The goblin is severely wounded.
You hit the goblin.
You kill the goblin!
The goblin hits you with a +0 dagger.
* * * LOW HITPOINT WARNING * * *
You closely miss the goblin.
The goblin is severely wounded.
The goblin hits you but does no damage.
You punch the goblin!
You kill the goblin!
You hit the lemure. The lemure hits you.
* * * LOW HITPOINT WARNING * * *
The ogre barely misses you.
The ogre hits you with a +0 giant spiked club!!
You die...
Xom howls with laughter!

###########
##.........#
...........#
#......<..#
#.........####
#............
.......:..#
##..@##
##..5O.##
#...SK5)#
##....)..##
#.....)...#
##.........#
#.......#####
#...5####..(#
#....#......#


You could see an ogre, 3 lemures, an adder (weak-willed) and a kobold
(weak-willed).

Vanquished Creatures
  A tarantella (shapeshifter) (D:1)
  A sky beast (D:3)
  A lemure (D:4)
  4 gnolls
  6 adders
  An adder skeleton (D:4)
  4 dart slugs
  3 orcs (D:3)
  6 bats
  5 endoplasms
  2 giant cockroaches (D:2)
  2 hobgoblins (D:2)
  3 jackals (D:3)
  2 quokkas
  5 ball pythons
  4 frilled lizards
  10 goblins
  3 kobolds
  5 rats
68 creatures vanquished.

Vanquished Creatures (collateral kills)
  A goblin (D:1)
1 creature vanquished.

Vanquished Creatures (others)
  A ball python (D:4)
  An endoplasm (D:4)
  3 goblins (D:4)
  A hobgoblin (D:4)
6 creatures vanquished.

Grand Total: 75 creatures vanquished

Notes
Turn   | Place    | Note
-------+----------+-------------------------------------------
     0 | D:1      | NoSkeletonsAllowed the Djinni Transmuter began the quest
                  | for the Orb.
     0 | D:1      | Reached XP level 1. HP: 17/17 MP: 0/0
   408 | D:1      | Reached XP level 2. HP: 22/22 MP: 0/0
   483 | D:2      | Found a faded altar of an unknown god.
   492 | D:2      | Prayed at the altar of an unknown god.
   492 | D:2      | Became a worshipper of Xom of Chaos
   700 | D:1      | XOM: silly message
   768 | D:1      | Gained mutation: You are resistant to electric shocks.
                  | (rElec) [potion of mutation]
   768 | D:1      | Gained mutation: You are robust. (+10% HP) [potion of
                  | mutation]
   768 | D:1      | Gained mutation: You are partially covered in iridescent
                  | scales. (AC +2) [potion of mutation]
   865 | D:1      | XOM: cast spell 'Cause Fear'
  1199 | D:1      | XOM: noise
  1321 | D:1      | Reached XP level 3. HP: 28/29 MP: 0/0
  1321 | D:1      | Learned a level 1 spell: Animate Skeleton
  1396 | D:1      | XOM: silly message
  1803 | D:2      | XOM: cloud trail
  1886 | D:2      | XOM: noise
  1897 | D:2      | XOM: enchant monster (good)
  1903 | D:2      | XOM: cast spell 'Monstrous Menagerie'
  2186 | D:1      | XOM: summons 2 hostile demons
  2690 | D:2      | Reached XP level 4. HP: 21/35 MP: 0/0
  2828 | D:2      | Reached skill level 1 in Shields
  3146 | D:2      | XOM: 1-stop teleportation journey
  3458 | D:2      | XOM: give mutations
  3458 | D:2      | Gained mutation: Your body sometimes deteriorates upon
                  | taking damage. [Xom's mischief]
  3458 | D:2      | Gained mutation: You sometimes lose the ability to read
                  | scrolls when taking damage. [Xom's mischief]
  3757 | D:2      | Reached skill level 1 in Armour
  3820 | D:3      | Noticed a shapeshifter
  3820 | D:3      | an orc changed into a shapeshifter
  3820 | D:3      | XOM: polymorph orc -> shapeshifter
  3820 | D:3      | Noticed a tarantella
  3820 | D:3      | a shapeshifter changed into a tarantella
  3827 | D:3      | Reached XP level 5. HP: 17/40 MP: 0/0
  3827 | D:3      | Learned a level 2 spell: Static Discharge
  3839 | D:1      | XOM: chaos cloud
  3841 | D:1      | XOM: potion effect (might)
  3843 | D:1      | Paralysed by you for 3 turns
  3843 | D:1      | XOM: summons friendly white imp
  3849 | D:1      | Killed a tarantella
  3850 | D:1      | Reached skill level 1 in Throwing
  3850 | D:1      | Reached skill level 4 in Unarmed Combat
  3850 | D:1      | Reached XP level 6. HP: 14/46 MP: 0/0
  4047 | D:1      | XOM: give mutations
  4047 | D:1      | Lost mutation: You sometimes lose the ability to read
                  | scrolls when taking damage. [Xom's mischief]
  4047 | D:1      | Gained mutation: You are mostly covered in iridescent
                  | scales. (AC +4) [Xom's mischief]
  4282 | D:3      | XOM: summons 4 hostile demons
  4283 | D:3      | Noticed a red devil
  4347 | D:3      | XOM: silly message
  4565 | D:3      | XOM: scenery: summon butterflies
  4589 | D:3      | XOM: cast spell 'Alistair's Intoxication'
  4747 | D:3      | Found a burning altar of Makhleb.
  4754 | D:3      | Found a shimmering altar of Xom.
  4754 | D:3      | XOM: give mutations
  4754 | D:3      | Gained mutation: Armour fits poorly on your strangely
                  | shaped body. [Xom's mischief]
  4754 | D:3      | Lost mutation: Your body sometimes deteriorates upon taking
                  | damage. [Xom's mischief]
  4754 | D:3      | Gained mutation: Your body sometimes deteriorates upon
                  | taking damage. [Xom's mischief]
  4754 | D:3      | Lost mutation: Your body sometimes deteriorates upon taking
                  | damage. [Xom's mischief]
  4756 | D:3      | Found an iron altar of Okawaru.
  4761 | D:3      | Found a blossoming altar of Fedhas.
  4761 | D:3      | Found a glowing golden altar of the Shining One.
  4765 | D:3      | Found a sacrificial altar of Ru.
  4771 | D:3      | Found a snail-covered altar of Cheibriados.
  4852 | D:4      | XOM: polymorph endoplasm -> gnoll
  4871 | D:3      | Noticed a sky beast
  4871 | D:3      | XOM: enchant monster (bad)
  4890 | D:3      | XOM: confuse monster(s)
  4904 | D:3      | Killed a sky beast
  4905 | D:3      | Reached XP level 7. HP: 40/51 MP: 0/0
  4905 | D:3      | Learned a level 3 spell: Stone Arrow
  4905 | D:3      | XOM: scenery: summon butterflies
  4976 | D:3      | You are sucked into a shaft and drop 1 floor!
  4976 | D:4      | Noticed Pikel
  4976 | D:4      | Noticed Robin
  4978 | D:4      | XOM: cleaving
  4992 | D:4      | XOM: destruction
  4998 | D:4      | XOM: cleaving
  5001 | D:4      | Reached skill level 5 in Unarmed Combat
  5009 | D:4      | XOM: silly message
  5022 | D:4      | XOM: confuse monster(s)
  5036 | D:4      | XOM: blink monster(s)
  5046 | D:4      | Mangled by an ogre

Illustrated notes

Levels and vault maps discovered:
D:1:      zaba_arrival_water, layout_basic, feat_on_display
D:2:      layout_loops_ring, basic_ecumenical_altar, minmay_between
D:3:      layout_rooms, minitemple, minmay_misc_feat_columns,
          chequers_serial_rivers_large_a, uniq_ijyb
D:4:      kennysheep_spiral_hall, layout_rooms, mainiacjoe_overflow_24_doors,
          uniq_robin, uniq_grinder, uniq_pikel

Skill      XL: |  1  2  3  4  5  6  7 |
---------------+----------------------+-----
Spellcasting   | 2 |  2.6
Shields        | 1 |  1.4
Armour         | 1 2 |  2.6
Throwing       | 1 |  1.2
Dodging        | 3 |  3.4
Unarmed Combat | 4 5 |  5.0
Fighting       | |  1.6
Stealth        | |  0.5

Action                   |  1- 3 |  4- 6 |  7- 9 || total
-------------------------+-------+-------+-------++-------
Melee: Unarmed           |   108 |   144 |    18 ||   270
       Headbutt          |    11 |     6 |       ||    17
       Punch             |       |     6 |       ||     6
Throw: Boomerang         |     5 |    15 |     2 ||    22
 Cast: Beastly Appendage |    20 |     5 |       ||    25
       Static Discharge  |       |     1 |     2 ||     3
       Spider Form       |       |     1 |       ||     1
  Use: Scroll            |     3 |     5 |     2 ||    10
       Potion            |     2 |     1 |       ||     3
 Stab: Sleeping          |     1 |       |       ||     1
       Confused          |       |     1 |       ||     1
Armor: Robe              |     3 |       |       ||     3
       Ring mail         |    41 |    73 |    28 ||   142
       Skin              |       |     8 |       ||     8
Dodge: Dodged            |    74 |    96 |    34 ||   204
Block: Buckler           |    15 |    19 |       ||    34
